Map: Deathaura LE

Players

HeroMarine

  • Race: Terran Terran
  • League: Grandmaster
  • Spawn Location: 5:00

LiquidClem (Clem) - Winner!

  • Race: Terran Terran
  • League: Grandmaster
  • Spawn Location: 11:00

Event: DreamHack SC2 Masters 2020 Winter

VOD

Have the link to the VOD?

Description

Time

  • Played on: Nov. 7, 2020, 2:24 p.m.
  • Length: 18:51

All games in this series

Show
View Real Time Build Order
Export as new Build Order

HeroMarine Terran 

Build Orders: Reaper Expand 

Get SALT Encoding   

  12  0:00  SCV  
  13  0:12  SCV  
  14  0:16  Supply Depot  
  14  0:24  SCV  
  15  0:38  SCV  
  15  0:39  Barracks  
  15  0:42  Refinery  
  16  0:50  SCV  
  17  1:02  SCV  
  18  1:14  SCV  
  19  1:26  Reaper, Orbital Command  
  20  1:41  Command Center  
  20  1:49  Supply Depot  
  20  1:52  SCV  
  21  1:58  Marine  
  22  2:04  SCV  
  22  2:08  Factory  
  23  2:16  Marine  
  23  2:17  SCV  
  23  2:21  Bunker  
  25  2:27  Refinery  
  25  2:29  SCV  
  26  2:34  Marine  
  27  2:41  SCV  
  28  2:53  Barracks Reactor, SCV, Hellion  
  28  2:54  Orbital Command  
  31  3:05  SCV  
  31  3:07  Starport  
  31  3:17  SCV, Widow Mine  
  33  3:20  SCV  
  33  3:29  SCV, Marine x2  
  33  3:32  SCV  
  37  3:39  Supply Depot, Factory Tech Lab  
  37  3:41  SCV  
  37  3:44  SCV, Starport Tech Lab  
  37  3:47  Marine x2  
  41  3:53  SCV  
  41  3:54  Refinery  
  42  3:56  SCV  
  42  3:59  Cyclone  
  46  4:04  Supply Depot  
  46  4:05  SCV  
  46  4:06  Raven  
  46  4:08  SCV, Marine  
  51  4:10  Marine  
  52  4:18  SCV  
  52  4:21  SCV  
  54  4:26  Supply Depot, Marine  
  54  4:28  Marine  
  54  4:30  SCV  
  54  4:31  Siege Tank  
  60  4:33  SCV  
  61  4:42  SCV  
  62  4:45  SCV  
  62  4:47  Marine x2  
  62  4:51  Raven  
  64  4:54  SCV  
  64  4:56  Command Center  
  64  4:58  SCV  
  66  5:02  Supply Depot  
  66  5:05  Marine x2  
  66  5:06  Siege Tank  
  70  5:13  Refinery  
  70  5:24  SCV x2  
  74  5:30  Barracks x2  
  74  5:33  Supply Depot  
  72  5:36  SCV x2  
  72  5:38  Siege Tank  
  72  5:41  Stimpack  
  77  5:48  SCV  
  77  5:49  Engineering Bay  
  78  5:50  Engineering Bay  
  78  5:51  SCV  
  78  5:55  Viking x2  
  81  6:00  SCV  
  81  6:03  SCV, Marine  
  82  6:07  Supply Depot  
  82  6:09  Orbital Command  
  82  6:10  Siege Tank  
  85  6:12  SCV  
  85  6:15  SCV  
  87  6:19  Barracks Reactor  
  87  6:20  Barracks Reactor  
  87  6:24  SCV  
  88  6:25  Terran Infantry Weapons Level 1  
  88  6:31  Terran Infantry Armor Level 1  
  88  6:32  SCV, Orbital Command, Barracks x2  
  89  6:34  Missile Turret  
  89  6:36  SCV  
  89  6:38  Missile Turret  
  89  6:39  Viking  
  92  6:44  SCV  
  92  6:46  Viking  
  93  6:48  SCV  
  93  6:56  SCV  
  93  6:58  SCV  
  93  6:59  Marine  
  93  7:00  Marine x3  
  93  7:01  SCV, Marine, Siege Tank  
  104  7:05  Supply Depot  
  104  7:07  Supply Depot  
  104  7:08  SCV, Supply Depot  
  105  7:10  SCV  
  105  7:13  SCV, Viking  
  109  7:19  Refinery  
  109  7:20  Barracks Reactor x2, Refinery  
  109  7:24  Supply Depot  
  109  7:26  Viking, SCV x3  
  109  7:28  Marine  
  109  7:29  Marine  
  116  7:38  SCV x3  
  115  7:47  Marine x2  
  115  7:48  Marine  
  115  7:49  Marine  
  115  7:50  SCV x3  
  99  7:59  Marine x5  
  99  8:00  Medivac x2  
  99  8:02  SCV x3, Siege Tank  
  99  8:05  Marine x2  
  110  8:07  Supply Depot, Marine x2  
  112  8:14  Armory, Combat Shield, SCV x2  
  118  8:21  SCV  
  118  8:27  SCV x2  
  123  8:33  SCV  
  118  8:35  Command Center, Marine x2  
  118  8:36  Marine x3  
  118  8:39  Medivac x2  
  118  8:41  Marine x2  
  127  8:45  Marine  
  127  8:46  Marine, Siege Tank  
  133  8:52  SCV, Sensor Tower  
  133  8:53  SCV x2, Marine x2  
  133  8:54  Marine x2  
  133  8:55  Marine  
  140  8:59  Marine  
  140  9:01  Marine  
  143  9:03  Marine x2  
  143  9:07  Terran Infantry Armor Level 2, Terran Infantry Weapons Level 2  
  144  9:11  Marine x2  
  144  9:12  Terran Vehicle Weapons Level 1, Supply Depot  
  144  9:14  Supply Depot  
  144  9:15  Marine x2  
  148  9:23  Marine  
  148  9:24  Marine x4  
  149  9:28  Medivac  
  149  9:34  Marine x4  
  152  9:41  Marine x3  
  152  9:42  Marine x2  
  152  9:43  Siege Tank  
  160  9:50  Supply Depot  
  160  9:51  Marine x4  
  160  9:52  Medivac  
  152  9:56  SCV x3  
  152  9:59  Marine x4  
  158  10:00  Marine  
  160  10:07  Factory  
  160  10:09  Marine x4  
  163  10:15  SCV x3, Siege Tank  
  163  10:17  Planetary Fortress, Marine x3  
  163  10:18  Marine  
  173  10:27  Marine x4  
  177  10:32  Refinery x2  
  177  10:35  Marine x4  
  179  10:38  Barracks Reactor  
  179  10:39  Medivac x2  
  183  10:45  Marine x4  
  183  10:46  Sensor Tower  
  185  10:52  Marine  
  185  10:53  Marine x2  
  185  10:54  Starport  
  185  10:55  Starport  
  185  10:56  Barracks  
  188  10:59  Barracks  
  188  11:03  Command Center  
  188  11:24  Terran Vehicle Weapons Level 2  
  188  11:25  Supply Depot, Terran Infantry Weapons Level 3, Terran Infantry Armor Level 3  
  188  11:26  Viking x2, Marine x4  
  196  11:38  Marine  
  196  11:43  Starport Tech Lab  
  196  11:44  Starport Tech Lab  
  196  11:46  Marine x3  
  199  11:57  Barracks Reactor x2  
  199  12:02  Barracks  
  199  12:11  Corvid Reactor  
  199  12:13  Missile Turret  
  199  12:14  Missile Turret  
  199  12:18  Siege Tank  
  199  12:21  Marine x4  
  195  12:24  Viking x2, Raven  
  195  12:29  Command Center  
  199  12:34  Command Center  
  198  12:51  Barracks Reactor  
  198  12:54  Command Center  
  198  12:56  Viking x2  
  198  12:58  Command Center  
  199  13:02  Starport  
  196  13:07  Starport  
  196  13:10  Marine x3  
  185  13:14  Raven x2  
  185  13:16  Marine x2  
  188  13:20  Marine x2  
  188  13:21  Armory, Marine  
  188  13:26  Siege Tank x2  
  188  13:27  Planetary Fortress, Marine x2  
  194  13:41  Marine  
  194  13:43  Marine  
  194  13:50  Viking  
  194  13:51  Terran Vehicle Weapons Level 3  
  194  13:52  Viking, Orbital Command  
  196  13:57  Raven  
  196  14:01  Marine  
  191  14:07  Marine x2  
  191  14:09  Marine x4  
  154  14:11  Marine x2, Siege Tank x2  
  154  14:12  Marine x2  
  125  14:17  Viking, Raven  
  125  14:18  Viking, Marine  
  125  14:19  Marine x5  
  125  14:20  Viking  
  125  14:22  Viking  
  141  14:25  Marine x2  
  141  14:27  Marine x2  
  141  14:28  Marine  
  141  14:31  Terran Ship Weapons Level 1  
  146  14:32  Marine  
  146  14:37  Orbital Command  
  147  14:39  Orbital Command  
  147  14:40  Raven  
  147  14:43  Siege Tank x2  
  137  15:00  Raven  
  137  15:02  Viking x3  
  140  15:15  Siege Tank x2  
  140  15:19  Marine x3  
  140  15:20  Marine x8  
  140  15:21  Marine x2  
  153  15:22  Raven, Marine x2  
  153  15:26  Marine  
  160  15:28  Liberator  
  163  15:37  Marine x6  
  163  15:38  Marine x2  
  171  15:49  Marine x2  
  164  15:50  Marine x2, Siege Tank  
  164  15:51  Marine x3  
  164  15:52  Marine  
  164  15:55  Marine, Liberator  
  151  15:57  Marine  
  151  15:58  Marine  
  151  16:03  Siege Tank  
  149  16:04  Marine  
  149  16:05  Marine  
  149  16:07  Marine  
  144  16:11  Raven  
  144  16:18  Raven  
  147  16:19  Medivac  
  147  16:20  Marine  
  147  16:22  Refinery  
  147  16:25  Marine x4  
  154  16:37  Siege Tank  
  157  16:44  Medivac, Widow Mine  
  157  16:46  Sensor Tower  
  161  16:47  Missile Turret  
  161  16:48  Marine x2  
  161  16:50  Marine x2  
  161  16:52  Marine x3  
  166  16:56  Planetary Fortress  
  163  17:05  Refinery  
  163  17:06  Refinery  
  160  17:09  Medivac  
  160  17:11  Marine  
  160  17:12  Marine x7  
  160  17:15  Viking x2  
  174  17:22  Viking x2  
  176  17:24  Viking  
  173  17:31  Marine x2  
  173  17:35  Marine x2  
  140  17:40  Viking, Marine  
  140  17:41  Marine x3  
  140  17:42  Marine  
  141  17:44  Marine x2  
  141  17:45  Viking x2, Marine x2  
  141  17:46  Marine x3  
  141  17:49  Marine x2  
  151  17:52  Viking, Medivac, Marine  
  151  17:53  Marine  
  151  17:54  Medivac  
  159  17:58  Marine x2  
  159  17:59  Marine x3  
  159  18:02  Marine x3  
  159  18:03  Marine x3  
  159  18:04  Marine  
  169  18:06  Marine  
  169  18:07  Marine  
  169  18:10  Medivac, Marine x2  
  169  18:11  Siege Tank  
  175  18:14  Siege Tank  
  175  18:15  Medivac  
  175  18:16  Marine x3  
  175  18:17  Marine x2  
  185  18:20  Marine x2  
  185  18:21  Marine x3  
  185  18:23  Marine  
  188  18:31  Marine x5  
Show
View Real Time Build Order
Export as new Build Order

LiquidClem Terran - Winner!

Build Orders:  

Get SALT Encoding   

  12  0:00  SCV  
  13  0:12  SCV  
  14  0:16  Supply Depot  
  14  0:24  SCV  
  15  0:38  SCV  
  15  0:39  Barracks  
  16  0:44  Refinery  
  16  0:50  SCV  
  16  0:52  Refinery  
  17  1:02  SCV  
  18  1:14  SCV  
  19  1:26  Reaper, Orbital Command  
  20  1:33  Supply Depot  
  20  1:40  Factory  
  20  1:52  SCV  
  21  1:58  Reaper  
  22  2:04  SCV  
  23  2:16  SCV  
  23  2:22  Command Center  
  24  2:23  Hellion  
  26  2:34  Starport  
  26  2:35  SCV  
  27  2:41  Barracks Reactor  
  27  2:43  Supply Depot  
  27  2:47  SCV  
  27  2:48  Factory Tech Lab  
  28  2:59  SCV  
  28  3:08  Cyclone  
  31  3:14  SCV  
  31  3:18  Refinery, Marine x2  
  34  3:26  SCV  
  35  3:30  Medivac  
  34  3:36  Orbital Command  
  34  3:43  Cyclone  
  34  3:46  SCV  
  38  3:51  Marine x2  
  40  3:58  SCV  
  40  4:01  SCV  
  42  4:03  Starport Tech Lab  
  42  4:08  Supply Depot  
  42  4:09  Marine x2  
  44  4:11  SCV  
  44  4:15  Siege Tank  
  48  4:17  SCV  
  49  4:24  SCV  
  49  4:25  Raven  
  49  4:28  Supply Depot  
  49  4:29  SCV  
  53  4:34  Marine x2  
  53  4:36  SCV  
  56  4:41  SCV  
  57  4:49  Siege Tank  
  60  4:56  SCV, Supply Depot  
  60  4:57  SCV  
  60  4:59  Marine x2  
  63  5:03  Command Center  
  64  5:09  SCV x2, Raven  
  68  5:15  Supply Depot  
  68  5:18  Marine x2  
  68  5:21  SCV x2  
  72  5:23  Siege Tank  
  72  5:26  Supply Depot  
  75  5:33  SCV x2  
  77  5:42  Barracks  
  77  5:43  Barracks  
  77  5:45  SCV  
  77  5:47  SCV  
  77  5:49  Refinery  
  79  5:55  Siege Tank  
  81  5:57  SCV  
  81  5:59  SCV  
  81  6:02  Stimpack, Marine  
  81  6:03  Viking  
  86  6:08  Supply Depot  
  86  6:09  SCV  
  87  6:11  Viking  
  89  6:18  SCV, Engineering Bay  
  89  6:19  Engineering Bay  
  89  6:23  Orbital Command  
  91  6:25  SCV  
  91  6:30  SCV  
  91  6:31  Siege Tank  
  95  6:33  Barracks Reactor x2  
  95  6:35  Marine  
  95  6:37  SCV  
  97  6:43  SCV  
  97  6:45  Viking x2  
  102  6:49  SCV  
  102  6:53  Marine  
  104  6:55  SCV x2  
  104  6:57  Supply Depot  
  106  7:02  SCV  
  106  7:07  Terran Infantry Weapons Level 1, Terran Infantry Armor Level 1  
  106  7:08  SCV x2  
  109  7:09  Barracks  
  109  7:10  Barracks  
  109  7:11  Marine x3  
  112  7:16  Refinery, Marine x2  
  112  7:17  Refinery  
  112  7:19  SCV  
  112  7:22  Medivac  
  117  7:29  Siege Tank  
  120  7:30  Supply Depot, Marine x2  
  120  7:31  Marine  
  120  7:33  SCV, Marine  
  125  7:44  Marine  
  125  7:45  SCV  
  125  7:46  SCV  
  125  7:48  Marine x2  
  125  7:49  Marine  
  122  7:51  Marine  
  122  7:58  SCV  
  107  8:01  Medivac x2  
  107  8:02  Marine  
  107  8:05  SCV x2, Marine x2  
  103  8:06  Marine  
  103  8:08  Combat Shield  
  103  8:09  Armory, Command Center  
  103  8:10  Barracks Reactor x2  
  103  8:12  Marine  
  105  8:13  SCV  
  105  8:19  Marine, Siege Tank  
  109  8:21  SCV  
  109  8:22  SCV, Supply Depot  
  109  8:23  Marine x2  
  109  8:24  Marine  
  115  8:27  SCV  
  115  8:29  Supply Depot  
  115  8:30  Marine  
  115  8:33  SCV  
  118  8:36  Medivac x2  
  118  8:37  Marine  
  123  8:41  Marine  
  123  8:43  Supply Depot, Marine  
  123  8:46  SCV x2  
  123  8:47  Marine  
  129  8:48  Marine x3  
  129  8:49  Marine  
  129  8:55  Factory  
  132  8:58  Sensor Tower, Siege Tank  
  132  8:59  Marine  
  132  9:00  Marine  
  134  9:03  Marine  
  134  9:05  Marine  
  134  9:06  Marine  
  137  9:10  Medivac  
  137  9:11  Medivac  
  137  9:13  Supply Depot, Marine x2  
  137  9:14  Marine  
  144  9:17  Terran Infantry Weapons Level 2  
  144  9:19  Marine x2  
  146  9:25  Marine x2  
  146  9:28  Terran Infantry Armor Level 2  
  146  9:29  SCV x2  
  150  9:34  Marine x2  
  150  9:35  Marine  
  153  9:40  Barracks Reactor  
  153  9:41  Marine x2, Siege Tank  
  153  9:42  Marine  
  153  9:43  Marine x2  
  158  9:52  Marine x2  
  160  9:53  Planetary Fortress  
  160  9:57  SCV x3  
  163  10:00  Supply Depot  
  163  10:01  Refinery  
  163  10:02  Supply Depot  
  163  10:03  Marine x2  
  163  10:04  Refinery  
  165  10:08  Terran Vehicle Weapons Level 1, Supply Depot  
  165  10:09  SCV x2  
  165  10:13  SCV, Siege Tank  
  171  10:17  Siege Tank  
  171  10:20  Supply Depot, Missile Turret  
  171  10:21  Marine x3  
  172  10:27  Starport  
  175  10:28  SCV x2, Starport  
  175  10:32  SCV  
  178  10:37  Marine  
  178  10:39  Marine x2  
  178  10:40  Viking x2  
  185  10:43  Marine x3  
  185  10:44  Marine x2  
  185  10:46  SCV  
  190  10:51  Command Center  
  190  10:54  Siege Tank  
  193  11:00  Siege Tank  
  196  11:05  Starport Reactor x2, Starport  
  196  11:08  Fusion Core  
  196  11:10  Viking  
  198  11:12  Marine  
  199  11:19  Command Center  
  199  11:25  Sensor Tower  
  199  11:31  Missile Turret  
  199  11:32  Missile Turret  
  199  11:36  Command Center  
  199  11:47  Starport Reactor  
  199  11:48  Command Center  
  199  11:50  Terran Infantry Weapons Level 3, Terran Infantry Armor Level 3  
  199  11:51  Command Center  
  199  12:05  Viking  
  199  12:07  Viking x2  
  177  12:23  Viking  
  177  12:24  Viking, Marine, Liberator  
  177  12:25  Missile Turret x2, Marine x4, Siege Tank x2  
  177  12:27  Viking, Liberator  
  200  12:30  Terran Vehicle And Ship Armor Level 1  
  200  12:34  Orbital Command  
  200  12:47  Planetary Fortress  
  200  12:51  Advanced Ballistics, Refinery  
  199  12:52  Refinery  
  196  13:11  Siege Tank  
  185  13:15  Viking x4  
  185  13:16  Viking x2, Liberator  
  185  13:17  Siege Tank  
  200  13:25  Marine x2  
  193  13:29  Orbital Command x2  
  193  13:31  Command Center  
  193  13:35  Armory  
  193  13:36  Viking  
  193  13:41  Marine x2  
  196  13:43  Siege Tank  
  200  14:06  Marine, Siege Tank  
  200  14:08  Marine x3  
  194  14:10  Marine, Liberator x2  
  194  14:12  Marine x3  
  194  14:13  Marine x2  
  194  14:15  Viking, Siege Tank  
  198  14:24  Marine  
  198  14:25  Marine  
  200  14:31  Planetary Fortress  
  200  14:42  Terran Vehicle And Ship Armor Level 2  
  200  14:43  Terran Ship Weapons Level 1  
  195  14:54  Liberator  
  191  15:04  Liberator, Siege Tank x2  
  191  15:05  Viking, Liberator x2  
  200  15:14  Hi-Sec Auto Tracking, Neosteel Armor  
  191  15:16  Viking x2  
  191  15:17  Viking  
  193  15:24  Refinery x2  
  193  15:25  Command Center x2  
  193  15:27  Rapid Reignition System  
  193  15:35  Viking  
  195  15:37  Viking  
  197  15:43  Starport  
  197  15:44  Starport  
  197  15:46  Viking  
  197  15:49  Viking  
  197  15:50  Siege Tank  
  197  15:51  Marine x8  
  197  15:52  Marine  
  197  15:54  Viking  
  174  16:01  Viking  
  174  16:03  Marine, Siege Tank  
  170  16:09  Marine  
  170  16:10  Viking  
  164  16:12  Marine  
  164  16:13  Marine x4  
  164  16:16  Marine x3  
  170  16:23  Missile Turret  
  170  16:24  Missile Turret  
  170  16:26  Marine  
  170  16:27  Marine  
  170  16:28  Planetary Fortress  
  170  16:31  Siege Tank  
  175  16:33  Missile Turret  
  175  16:38  Starport Reactor x2  
  175  16:40  Marine x6  
  175  16:46  Orbital Command  
  181  16:47  Marine x2  
  181  16:49  Siege Tank  
  181  16:53  Liberator  
  189  16:59  Orbital Command  
  186  17:03  Liberator, Siege Tank  
  186  17:04  Liberator  
  195  17:09  Liberator  
  195  17:10  Viking  
  200  17:28  Unknown  
  200  17:29  Viking  
  198  17:31  Marine, Siege Tank  
  198  17:32  Marine  
  198  17:33  Marine x4  
  198  17:35  Siege Tank  
  187  17:37  Marine, Liberator x2  
  192  17:47  Liberator x2  
  198  17:54  Marine  
  196  18:03  Siege Tank  
  199  18:09  Orbital Command  
  199  18:14  Marine  
Tags
 
Add a new tag
Caveats
  • Supply blocks, unpowered buildings, or Contaminate may cause inaccurate times.
  • Supply counts are checked every 10 seconds.